 Dungeon Crawl Stone Soup version 0.28-a0-1555-g9ae15a6949 (webtiles) character file.

Game seed: 14162087946078941843

359 HallandMoats the Skirmisher (level 6, 0/55 HPs)
             Began as a Ghoul Monk on Jan 18, 2022.
             Slain by a gnoll shaman (4 damage)
             ... on level 3 of the Dungeon.
             The game lasted 00:03:56 (4183 turns).

HallandMoats the Skirmisher (Ghoul Monk)            Turns: 4183, Time: 00:03:57

Health: 0/55       AC:  9    Str: 17    XL:     6   Next: 65%
Magic:  6/6        EV:  7    Int:  5    God:
Gold:   135        SH:  0    Dex: 11    Spells: 5/5 levels left

rFire   . . .      SeeInvis .   a - +0 hand axe
rCold   + . .      Faith    .   (no shield)
rNeg    + + +      Spirit   .   f - +0 chain mail
rPois   ∞          Reflect  .   (no helmet)
rElec   .          Harm     .   (no cloak)
rCorr   .          Rampage  .   e - +0 pair of gloves
Will    .....                   (no boots)
Stlth   ..........              (no amulet)
HPRegen 0.00/turn               (no ring)
MPRegen 0.10/turn               (no ring)

@: inhibited regen
A: claws 1, cold resistance 1, negative energy resistance 3, inhibited
regeneration, torment resistance 2
a: no special abilities


You were on level 3 of the Dungeon.
You visited 1 branch of the dungeon, and saw 4 of its levels.

You collected 135 gold pieces.

Inventory:

Hand Weapons
 a - a +0 hand axe (weapon)
Armour
 e - a +0 pair of gloves (worn)
 f - a +0 chain mail (worn)
Jewellery
 l - an amulet of reflection
Wands
 g - a wand of polymorph (2)
Scrolls
 b - 2 scrolls of identify {unknown}
 c - 2 scrolls of blinking {unknown}
 d - a scroll of enchant weapon {unknown}
 h - a scroll of fog {unknown}
 i - 2 scrolls of teleportation {unknown}
 j - a scroll of torment {unknown}
 k - a scroll of amnesia {unknown}
Potions
 m - a potion of curing


   Skills:
 * Level 4.9 Fighting
 * Level 4.0 Axes
 + Level 1.7 Armour
 + Level 3.5 Dodging
 - Level 2.1 Stealth
 + Level 1.6 Shields
 + Level 2.0 Invocations


You had 5 spell levels left.
You didn't know any spells.
Your spell library contained the following spells:

 Spells                   Type           Power      Damage    Failure   Level
 Dazzling Flash           Conj/Hex       0%         N/A       100%        3
 Iskenderun's Mystic Bla  Conj/Tloc      0%         2d3       100%        4
 Starburst                Conj/Fire      0%         6d3       100%        6


Dungeon Overview and Level Annotations

Branches:
Dungeon (4/15)
 Temple: D:4-7

Altars:


Innate Abilities, Weirdness & Mutations

You thrive by killing the living.
You are immune to poison.
You have sharp fingernails.
Your flesh is cold resistant. (rC+)
You are immune to negative energy. (rN+++)
You do not regenerate when monsters are visible.
You are immune to unholy pain and torment.


Message History

You are no longer glowing.
The gnoll shaman calls down the wrath of its god upon you.
You resist with some effort.
You barely miss the gnoll shaman.
The gnoll shaman is moderately wounded.
The gnoll shaman hits you with a +0 club.
* * * LOW HITPOINT WARNING * * *
You hit the gnoll shaman.
The gnoll shaman is heavily wounded.
The gnoll shaman hits you with a +0 club.
* * * LOW HITPOINT WARNING * * *
The gnoll shaman barely misses you.
You barely miss the gnoll shaman.
The gnoll shaman is heavily wounded.
The gnoll shaman hits you but does no damage.
You hit the gnoll shaman but do no damage.
The gnoll shaman is heavily wounded.
The gnoll shaman completely misses you.
You barely miss the gnoll shaman.
The gnoll shaman is heavily wounded.
The gnoll shaman hits you but does no damage.
You hit the gnoll shaman but do no damage.
The gnoll shaman is heavily wounded.
The gnoll shaman hits you with a +0 club.
* * * LOW HITPOINT WARNING * * *
You closely miss the gnoll shaman.
The gnoll shaman is heavily wounded.
The gnoll shaman hits you but does no damage.
You hit the gnoll shaman but do no damage.
The gnoll shaman is heavily wounded.
The gnoll shaman hits you with a +0 club.
* * * LOW HITPOINT WARNING * * *
You barely miss the gnoll shaman.
The gnoll shaman is heavily wounded.
The gnoll shaman hits you with a +0 club.
* * * LOW HITPOINT WARNING * * *
You hit the gnoll shaman. You punch the gnoll shaman.
The gnoll shaman is severely wounded.
The gnoll shaman hits you with a +0 club.
You die...

≈≈#....# #.##.######.#
≈##.#### #.##.# #.#
≈≈≈.# #....# #.#
≈≈..################.##
.≈.........).....#....#
...######.)).###.###.##
.....# #.##.# #.# #.#
.....####.##.# #g# #.#
<.........##.# #@# #.#
....########.# #.# #.#
....# #.# #.###.# ....#
#####.###..##.## ....#
#..............# ....#
#.########.##### ....#
#.# #.# ....# ##.## #.#
'#### ##.## #.#


You could see a gnoll shaman.

Vanquished Creatures
  Sigmund (D:2)
  An orc priest (D:3)
  Terence (D:2)
  4 adders
  A gnoll (D:4)
  3 worms
  2 dart slugs
  11 orcs (D:3)
  3 bats
  5 endoplasms
  3 giant cockroaches
  7 goblins
  6 hobgoblins
  3 jackals (D:2)
  2 quokkas
  3 ball pythons
  5 frilled lizards
  13 kobolds
  3 rats
77 creatures vanquished.

Vanquished Creatures (others)
  2 fungi (D:1)
  10 plants (D:3)
12 creatures vanquished.

Grand Total: 89 creatures vanquished

Notes
Turn   | Place    | Note
-------+----------+-------------------------------------------
     0 | D:1      | HallandMoats the Ghoul Monk began the quest for the Orb.
     0 | D:1      | Reached XP level 1. HP: 19/19 MP: 0/0
   435 | D:1      | Reached XP level 2. HP: 26/26 MP: 1/1
   833 | D:1      | Found a faded altar of an unknown god.
   964 | D:2      | Reached XP level 3. HP: 29/33 MP: 2/2
   974 | D:2      | HP: 1/33 [worm (3)]
  1373 | D:2      | Noticed Sigmund
  1399 | D:2      | Killed Sigmund
  1400 | D:2      | Reached skill level 1 in Armour
  1400 | D:2      | Reached skill level 1 in Shields
  1400 | D:2      | Reached skill level 1 in Invocations
  1400 | D:2      | Reached XP level 4. HP: 15/41 MP: 2/4
  1400 | D:2      | Reached XP level 5. HP: 17/47 MP: 2/5
  1712 | D:2      | Noticed Terence
  1748 | D:2      | Killed Terence
  1749 | D:2      | Reached XP level 6. HP: 28/53 MP: 6/6
  4183 | D:3      | Slain by a gnoll shaman

Illustrated notes

Levels and vault maps discovered:
D:1:      tarquinn_simple_flora_water_f, layout_basic,
          shapermc_ecumenical_altar_acropolis
D:2:      layout_basic, minmay_pentomino_pile, uniq_sigmund, uniq_terence
D:3:      layout_basic, chequers_big_river, amcnicky_mini_corridor_feature,
          hangedman_feature_mirror, minmay_misc_feat_nine_boxes
D:4:      layout_loops_cross, nzn_wu_jian_contemplation

Skill      XL: |  1  2  3  4  5  6 |
---------------+-------------------+-----
Axes           | 3 4 |  4.0
Fighting       | 4 |  4.9
Armour         | 1 |  1.7
Dodging        | 3 |  3.5
Shields        | 1 |  1.6
Invocations    | 1 2 |  2.0
Stealth        | |  2.1

Action                   |  1- 3 |  4- 6 || total
-------------------------+-------+-------++-------
Melee: Hand axe          |   125 |   225 ||   350
       Punch             |       |     2 ||     2
  Use: Potion            |     2 |       ||     2
Armor: Chain mail        |    91 |   117 ||   208
Dodge: Dodged            |    40 |    98 ||   138

Table legend: (Time is in decaauts)
 A = Elapsed time spent in this place.
 B = Non-inter-level travel time spent in this place.
 C = Inter-level travel time spent in this place.
 D = Time resting spent in this place.
 E = Time spent auto-exploring this place.
 F = Levels seen in this place.
 G = Mean time per level.
                   A        B        C        D        E       F      G
               +--------+--------+--------+--------+--------+-----+--------+
         Total |   4237 |   4185 |     52 |    270 |   3116 |   4 | 1059.2 |
       Dungeon |   4237 |   4185 |     52 |    270 |   3116 |   4 | 1059.2 |
               +--------+--------+--------+--------+--------+-----+--------+

Top non-repeatable levels by time:
     D:3: 2058 daAuts
     D:2: 1213 daAuts
     D:1: 915 daAuts
     D:4: 50 daAuts
